AoeStats
← Dreist

Arabia

509963118Analyzed
1v1 RM · 4d ago on Sep 28, 2026· 52m 51s· 2 players
Game mode
Random Map
Map size
Tiny (2 player)
Population
200
Speed
Normal
Resources
Standard
Victory
Conquest
Starting age
Dark Age
Ending age
Imperial Age
RankedLock teamsTeams togetherTeam positionsShared explorationLock speedFull tech treeHidden civsTurbo modeCheats
Victory
Defeat
🇺🇸 Ethiopians · United States
1174
+17
🇬🇹 Tatars · Guatemala
1196
-17
Dreist
6:28 Loom
9:32 Feudal Age
10:08 Double-Bit Axe
13:06 Fletching
20:39 Castle Age
19:04 Gold Mining
18:58 Horse Collar
19:42 Scale Mail Armor
20:28 Padded Archer Armor
20:45 Crossbowman
21:21 Bodkin Arrow
21:56 Bow Saw
23:29 Leather Archer Armor
26:03 Wheelbarrow
25:40 Town Watch
27:45 Stone Mining
32:20 Thumb Ring
34:40 Hand Cart
35:34 Ballistics
40:11 Imperial Age
40:54 Bracer
40:16 Arbalester
42:10 Chemistry
42:00 Forging
42:07 Chain Mail Armor
43:08 Ring Archer Armor
43:54 Siege Engineers
44:00 Masonry
44:36 Torsion Engines
49:13 Halberdier
50:53 Plate Mail Armor
50:34 Forging
robertorocastillo
9:53 Feudal Age
10:29 Double-Bit Axe
10:25 Horse Collar
11:50 Loom
16:36 Wheelbarrow
19:50 Castle Age
17:55 Gold Mining
19:11 Padded Archer Armor
19:06 Fletching
20:26 Scale Barding Armor
21:32 Bow Saw
25:06 Bodkin Arrow
26:34 Leather Archer Armor
29:21 Elite Skirmisher
35:46 Imperial Age
35:23 Crossbowman
37:00 Ring Archer Armor
36:31 Bracer
37:07 Heavy Plow
37:41 Heavy Cavalry Archer
38:43 Town Watch
39:14 Hand Cart
39:45 Town Patrol
40:37 Gold Shaft Mining
39:53 Stone Mining
40:28 Onager
43:08 Crop Rotation
43:45 Chemistry
43:06 Ballistics
42:42 Murder Holes
42:58 Masonry
43:14 Conscription
43:07 Silk Armor
45:56 Bloodlines
45:07 Light Cavalry
45:48 Husbandry
46:20 Hussar
48:02 Chain Barding Armor
47:53 Forging
50:02 Plate Barding Armor
Connection lost

Rejoining the realm…

Still unreachable

The connection could not be restored.

Session expired

The server has moved on; the page needs a fresh start.